 Dungeon Crawl Stone Soup version 0.22-a0-467-g5c5de1cb09 (webtiles) character file.

230 Foic the Cudgeler (level 5, -2/53 HPs)
             Began as a Troll Fighter on June 10, 2018.
             Slain by a scorpion (6 damage)
             ... on level 3 of the Dungeon.
             The game lasted 00:14:13 (1847 turns).

Foic the Cudgeler (Troll Fighter)                   Turns: 1847, Time: 00:14:13

Health: -2/53      AC:  5    Str: 25    XL:     5   Next: 72%
Magic:  4/4        EV:  9    Int:  4    God:
Gold:   142        SH:  9    Dex:  9    Spells: 4/4 levels left

rFire    + . .     SeeInvis .   a - +0 flail
rCold    x . .     Gourm    +   c - +0 shield
rNeg     . . .     Faith    .   b - +0 robe
rPois    +         Spirit   .   (helmet restricted)
rElec    .         Reflect  .   (no cloak)
rCorr    .         Harm     .   (gloves unavailable)
MR       .....                  (boots unavailable)
Stlth    +.........             o - amulet of the acrobat
HPRegen  0.57/turn              h - ring of fire
MPRegen  0.09/turn              j - ring of poison resistance

@: no status effects
A: large, unfitting armour, claws 3, fast metabolism 3, gourmand, regeneration
1, shaggy fur 1, tough skin 2
a: no special abilities


You were on level 3 of the Dungeon.
You were completely stuffed.

You visited 1 branch of the dungeon, and saw 4 of its levels.

You collected 142 gold pieces.

Inventory:

Hand Weapons
 a - a +0 flail (weapon)
Missiles
 e - 236 stones (quivered)
Armour
 b - a +0 robe (worn)
 c - a +0 shield (worn)
Jewellery
 h - a ring of fire (left claw)
 j - a ring of poison resistance (right claw)
 o - an amulet of the acrobat (around neck)
Scrolls
 i - a scroll of remove curse
 k - a scroll of enchant weapon {unknown}
 l - 4 scrolls of identify
 p - a scroll of amnesia {unknown}
 q - 3 scrolls of fear {unknown}
 r - a scroll of fog {unknown}
 t - a scroll of blinking {unknown}
 u - a scroll of magic mapping {unknown}
Potions
 d - a potion of might
 m - a potion of haste {unknown}
 n - 2 potions of degeneration {unknown}
 s - a potion of resistance {unknown}
 v - a potion of lignification {unknown}
Comestibles
 f - 9 rations
 g - a chunk of flesh


   Skills:
 + Level 3.1 Fighting
 + Level 3.5 Maces & Flails
 + Level 3.3 Dodging
 + Level 0.4 Stealth
 + Level 3.2 Shields


You had 4 spell levels left.
You didn't know any spells.
Your spell library was empty.

Dungeon Overview and Level Annotations

Branches:
Dungeon (4/15)
 Temple: D:4-7

Altars:


Innate Abilities, Weirdness & Mutations

You are too large for most types of armour.
You have claws for hands.
Your metabolism is lightning-fast.
You like to eat raw meat.
Your natural rate of healing is unusually fast.
You are covered in fur. (AC +1)
You have very tough skin. (AC +2)


Message History

Your shield prevents you from hitting the scorpion.
You block the scorpion's attack.
You thump the scorpion!
The scorpion is heavily wounded.
The scorpion stings you.
* * * LOW HITPOINT WARNING * * *
Your shield prevents you from hitting the scorpion.
The scorpion is heavily wounded.
The scorpion stings you.
* * * LOW HITPOINT WARNING * * *
Your shield prevents you from hitting the scorpion.
The scorpion is heavily wounded.
You block the scorpion's attack. The scorpion closely misses you.
You barely miss the scorpion.
The scorpion is heavily wounded.
You block the scorpion's attack.
You barely miss the scorpion.
The scorpion is heavily wounded.
The scorpion stings you.
You die...

###### #####
#....# #...#
#....####...#
#...........#
#..###<###..#
##########)###
#....s@#.....#
#..#####.....#
##.# #.....#
#.#####.....#
#...........#
#.)##########
####


You could see a scorpion.

Vanquished Creatures
  A gnoll shaman (D:4)
  A hound skeleton (D:4)
  5 adders
  6 gnolls
  4 worms (D:2)
  2 dart slugs (D:1)
  4 leopard geckos
  An orc (D:3)
  3 giant cockroaches
  6 goblins
  7 hobgoblins
  2 jackals (D:2)
  A quokka (D:3)
  12 bats
  5 frilled lizards
  7 kobolds
  4 rats (D:1)
71 creatures vanquished.

Notes
Turn   | Place    | Note
-------+----------+-------------------------------------------
     0 | D:1      | Foic the Troll Fighter began the quest for the Orb.
     0 | D:1      | Reached XP level 1. HP: 22/22 MP: 0/0
   109 | D:1      | Reached XP level 2. HP: 27/29 MP: 1/1
   334 | D:1      | Reached XP level 3. HP: 36/36 MP: 2/2
   867 | D:2      | Reached XP level 4. HP: 42/44 MP: 3/3
  1551 | D:3      | Reached XP level 5. HP: 52/52 MP: 4/4
  1844 | D:3      | HP: 2/53 [scorpion (3)]
  1847 | D:3      | Slain by a scorpion

Vault maps used:
D:1:      tarquinn_simple_flora_water_e, serial_bayou_pond_a, item_on_display_a
D:2:      minmay_small_reverse_x
D:3:      bh_chokoban, tgw_trog

Skill      XL: |  1  2  3  4  5 |
---------------+----------------+-----
Maces & Flails | 2 3 |  3.5
Shields        | 3 |  3.2
Dodging        | 3 |  3.3
Fighting       | 3 |  3.1
Stealth        | |  0.4

Action                   |  1- 3 |  4- 6 || total
-------------------------+-------+-------++-------
Melee: Flail             |   142 |   166 ||   308
  Use: Scroll            |     3 |     1 ||     4
 Stab: Sleeping          |     1 |       ||     1
  Eat: Chunk             |    14 |    10 ||    24
Armor: Robe              |    63 |    49 ||   112
Dodge: Dodged            |    60 |    59 ||   119
Block: Shield            |    72 |    91 ||   163

Table legend:
 A = Spawn XP
 B = Non-spawn XP
 C = Spawn XP percentage of total XP
 D = Spawn monster count
 E = Non-spawn monster count
 F = Spawn count percentage of total count
 G = Total turns spent on level
                    A         B        C        D         E        F      G
               +---------+---------+-------+---------+---------+-------+---------
         Total |       0 |     329 |   0.0 |       0 |      71 |   0.0 |  1847
               +---------+---------+-------+---------+---------+-------+---------
           D:1 |       0 |      73 |   0.0 |       0 |      29 |   0.0 |   779
           D:2 |       0 |     104 |   0.0 |       0 |      30 |   0.0 |   751
           D:3 |       0 |      77 |   0.0 |       0 |       8 |   0.0 |   180
           D:4 |       0 |      75 |   0.0 |       0 |       4 |   0.0 |   137
               +---------+---------+-------+---------+---------+-------+---------
